[Event "ICC tourney 2039 (30 10)"]
[Site "Internet Chess Club"]
[Date "2020.10.04"]
[Round "3"]
[White "Vidipkona"]
[Black "MikeWMason"]
[Result "1/2-1/2"]
[ICCResult "Game drawn by mutual agreement"]
[WhiteElo "1467"]
[BlackElo "1759"]
[Opening "Sicilian: accelerated fianchetto, modern variation"]
[ECO "B34"]
[NIC "SI.33"]
[Time "15:01:19"]
[TimeControl "1800+10"]

1. e4 c5 2. Nf3 Nc6 3. d4 cxd4 4. Nxd4 g6 5. Nc3 Bg7 6. Be3 Nf6 7. Be2 O-O
8. O-O d5 9. exd5 Nxd5 10. Nxd5 Qxd5 11. Bf3 Qd7 12. Nxc6 bxc6 13. Qxd7 Bxd7
14. c3 Rab8 15. Rad1 Rb7 16. Bc5 Bf6 17. Bd4 e5 18. Bc5 Rc8 19. b3 Bg7 20.
Be2 e4 21. Ba6 Rcc7 22. Bxb7 Rxb7 23. c4 f5 24. Bd4 Bf8 25. Rd2 Bb4 26. Rc2
Be7 27. Rd1 Kf7 28. Rcd2 Ke6 29. Bc3 a6 30. Re2 Bc5 31. Bd4 Bxd4 32. Rxd4 c5
33. Rd1 Bc6 34. Red2 Rc7 35. Rb2 a5 36. a3 Rb7 37. Rdb1 Ke5 38. b4 axb4 39.
axb4 Kd4 40. bxc5 Rxb2 41. Rxb2 Kxc5 42. Rc2 Ba4 43. Rc3 Kb4 44. Rh3 Kxc4
45. Rxh7 Kd5 46. h4 Ke6 47. Kh2 Bd1 48. Ra7 Kf6 49. Kg3 Be2 50. Kf4 Bf1 51.
g4 fxg4 52. Kxe4 Be2 53. Kf4 Bf3 54. Ra6+ Kf7 55. Kg5 Be4 56. Kxg4 Bd3 57.
Rd6 Be4 58. h5 gxh5+ 59. Kxh5 Ke7 60. Rd4 Bf3+ 61. Kg5 Ke6 62. Kf4 Bc6 63.
Kg4 Ke5 64. Rd1 Ba4 65. f4+ Kf6 66. Rd6+ Ke7 67. Rb6 Bd1+ 68. Kg5 Bf3 69. f5
Kf7 70. Rb7+ Bxb7 {Game drawn by mutual agreement} 1/2-1/2

[Event "ICC tourney 2039 (30 10)"]
[Site "Internet Chess Club"]
[Date "2020.10.04"]
[Round "3"]
[White "SultanofBling"]
[Black "orwind"]
[Result "1-0"]
[ICCResult "Black checkmated"]
[WhiteElo "1621"]
[BlackElo "1494"]
[Opening "Queen's bishop game"]
[ECO "D02"]
[NIC "QP.06"]
[Time "15:01:42"]
[TimeControl "1800+10"]

1. d4 Nf6 2. Nf3 d5 3. Bf4 Bf5 4. c3 Nbd7 5. e3 e6 6. Nbd2 Be7 7. h3 h6 8.
Be2 O-O 9. O-O Nb6 10. Ne5 Nfd7 11. Ndf3 Nxe5 12. dxe5 Nd7 13. c4 dxc4 14.
Bxc4 Nb6 15. Bb3 Qxd1 16. Rfxd1 Rfd8 17. Nd4 Bg6 18. Rac1 c6 19. f3 Nd5 20.
Bxd5 exd5 21. a3 Rac8 22. g4 c5 23. Nb5 f6 24. Nxa7 Ra8 25. Nb5 fxe5 26.
Bxe5 Bf7 27. Bc7 Rdc8 28. Be5 Rd8 29. Rd2 Rd7 30. f4 Rad8 31. Bc7 Rc8 32.
Bb6 Rc6 33. Ba5 b6 34. Bc3 Re6 35. Be5 Bf6 36. Bxf6 gxf6 37. Kf2 Rde7 38.
Rc3 Be8 39. a4 Bxb5 40. axb5 Rd6 41. Rcd3 Red7 42. f5 Kf7 43. Kg3 Kg7 44.
Kf3 Kf7 45. h4 Kg7 46. Kf4 Kf7 47. g5 fxg5+ 48. hxg5 hxg5+ 49. Kxg5 Kg7 50.
e4 d4 51. e5 c4 52. exd6 cxd3 53. Kf4 Rxd6 54. Ke5 Rd7 55. Rxd3 Re7+ 56. Kd6
Kf6 57. Rxd4 Re2 58. Kc6 Rxb2 59. Rd5 Rb4 60. Kxb6 Rb1 61. Kb7 Rb4 62. b6
Ke7 63. Rc5 Kd7 64. f6 Rf4 65. f7 Rxf7 66. Rc7+ Kd8 67. Rxf7 Ke8 68. Rc7 Kd8
69. Kc6 Ke8 70. b7 Kd8 71. b8=Q# {Black checkmated} 1-0

[Event "ICC tourney 2039 (30 10)"]
[Site "Internet Chess Club"]
[Date "2020.10.04"]
[Round "4"]
[White "atharvamchess"]
[Black "michaelxiao"]
[Result "1-0"]
[ICCResult "Black resigns"]
[WhiteElo "1530"]
[BlackElo "1323"]
[Opening "Queen's pawn, Mason variation"]
[ECO "D00"]
[NIC "QP.08"]
[Time "17:01:26"]
[TimeControl "1800+10"]

1. d4 d5 2. Bf4 Nf6 3. e3 e6 4. Bd3 Bd6 5. Bg3 Nbd7 6. Nf3 b6 7. c3 Bb7 8.
Nbd2 c5 9. Bxd6 cxd4 10. exd4 Nf8 11. Bxf8 Rxf8 12. Qe2 Qd7 13. Ne5 Qc7 14.
Bb5+ Ke7 15. Nef3 h5 16. Nh4 a6 17. Ba4 b5 18. Bc2 g5 19. Nf5+ Kd7 20. Ng3
h4 21. Nh5 Nxh5 22. Qxh5 Qf4 23. Qf3 Qd6 24. Nb3 Ke7 25. Nc5 Bc6 26. O-O f5
27. Rfe1 g4 28. Qe2 Rf6 29. Qe5 Qxe5 30. Rxe5 Rg8 31. Rae1 Rgg6 32. g3 hxg3
33. fxg3 Rh6 34. Bxf5 Bd7 35. Bxg4 Rhg6 36. Nxd7 Kxd7 37. Bxe6+ Rxe6 38.
Rxe6 Rxe6 39. Rxe6 Kxe6 40. Kf2 Kf5 41. Kf3 a5 42. h4 a4 43. h5 Kg5 44. g4
Kf6 45. Kf4 Ke6 46. h6 Kf6 47. g5+ Kg6 48. Ke5 Kh7 49. Kxd5 {Black resigns}
1-0

[Event "ICC tourney 2039 (30 10)"]
[Site "Internet Chess Club"]
[Date "2020.10.04"]
[Round "4"]
[White "andrewj508"]
[Black "DavidNest"]
[Result "1-0"]
[ICCResult "Black checkmated"]
[WhiteElo "1217"]
[BlackElo "1233"]
[Opening "Sicilian: closed"]
[ECO "B23"]
[NIC "SI.44"]
[Time "17:01:23"]
[TimeControl "1800+10"]

1. e4 c5 2. Nc3 d6 3. f4 Nf6 4. Nf3 g6 5. Bc4 Bg7 6. d3 O-O 7. O-O Nc6 8.
Be3 Bg4 9. h3 Bd7 10. Qe1 Qc8 11. a3 a6 12. Qh4 Nh5 13. g4 Bf6 14. Qf2 Bxg4
15. hxg4 Qxg4+ 16. Qg2 Qd7 17. f5 Be5 18. fxg6 hxg6 19. Qxg6+ Ng7 20. Rf2 e6
21. Qh6 Na5 22. Ng5 Bh2+ 23. Rxh2 f6 24. Qh7# {Black checkmated} 1-0

[Event "ICC tourney 2039 (30 10)"]
[Site "Internet Chess Club"]
[Date "2020.10.04"]
[Round "4"]
[White "alfvelas1"]
[Black "Threehundreds"]
[Result "0-1"]
[ICCResult "White resigns"]
[WhiteElo "1418"]
[BlackElo "1449"]
[Opening "Ruy Lopez: Anderssen variation"]
[ECO "C77"]
[NIC "RL.12"]
[Time "17:01:23"]
[TimeControl "1800+10"]

1. e4 e5 2. Nf3 Nc6 3. Bb5 a6 4. Ba4 Nf6 5. d3 b5 6. Bb3 Bc5 7. O-O d6 8. c3
h6 9. Nbd2 O-O 10. h3 Re8 11. Re1 Be6 12. Nf1 Bxb3 13. Qxb3 Bb6 14. Be3 Bxe3
15. Nxe3 Ne7 16. Rad1 Ng6 17. Nh2 Nf4 18. Neg4 Nxg4 19. Nxg4 Qg5 20. Re3 h5
21. Rg3 hxg4 22. hxg4 Ne2+ 23. Kh2 Nxg3 24. Kxg3 Qf4+ 25. Kh3 Qxf2 26. d4
Qe3+ 27. g3 Qh6+ 28. Kg2 exd4 29. Rxd4 Qg6 30. Qd1 Rxe4 31. Rxe4 Qxe4+ 32.
Kh3 g6 33. Qd4 Qxd4 34. cxd4 Re8 {White resigns} 0-1

[Event "ICC tourney 2039 (30 10)"]
[Site "Internet Chess Club"]
[Date "2020.10.04"]
[Round "4"]
[White "suhavit"]
[Black "TemporaryOtter"]
[Result "1-0"]
[ICCResult "Black checkmated"]
[WhiteElo "1102"]
[BlackElo "792"]
[Opening "QP counter-gambit (elephant gambit)"]
[ECO "C40"]
[NIC "KP.10"]
[Time "17:01:31"]
[TimeControl "1800+10"]

1. e4 e5 2. Nf3 d5 3. d3 dxe4 4. dxe4 Qxd1+ 5. Kxd1 Be6 6. Nxe5 Nf6 7. Nc3
Bd6 8. Nf3 Nbd7 9. Bd3 O-O-O 10. Ke2 a6 11. Re1 Rhe8 12. Kf1 Ng4 13. h3 Nh2+
14. Nxh2 Bxh2 15. g3 Bxh3+ 16. Ke2 Nc5 17. Be3 Nxd3 18. cxd3 Bg4+ 19. Kd2
Re7 20. Kc2 Red7 21. d4 f5 22. Rac1 fxe4 23. Rh1 Bxg3 24. fxg3 h6 25. Kb1
Rf7 26. Rhf1 Rdf8 27. Rxf7 Rxf7 28. Re1 Rf3 29. Nxe4 Bf5 30. Bf4 Bxe4+ 31.
Rxe4 Rf1+ 32. Kc2 Kd7 33. Re3 Rf2+ 34. Kb3 Kc6 35. Rc3+ Kd7 36. Rxc7+ Ke6
37. Rxg7 Kf6 38. Rxb7 h5 39. Be5+ Kf5 40. Rh7 Rf3+ 41. Kc4 Kg4 42. d5 Re3
43. Bf4 Re4+ 44. Kc3 Re8 45. d6 Rd8 46. d7 Kf5 47. Bc7 Rf8 48. d8=Q Rxd8 49.
Bxd8 Kg6 50. Ra7 Kf5 51. Rxa6 Kg4 52. b4 Kxg3 53. b5 Kf4 54. b6 Ke5 55. b7
h4 56. Bxh4 Ke4 57. b8=Q Kd5 58. Qb5+ Ke4 59. Re6+ Kf4 60. Qe5+ Kf3 61. Qf5+
Kg2 62. Rg6+ Kh2 63. Qf2+ Kh3 64. Qg3# {Black checkmated} 1-0

[Event "ICC tourney 2039 (30 10)"]
[Site "Internet Chess Club"]
[Date "2020.10.04"]
[Round "4"]
[White "zaras"]
[Black "ChessG2011"]
[Result "1-0"]
[ICCResult "Black resigns"]
[WhiteElo "1448"]
[BlackElo "1183"]
[Opening "Queen's pawn: London system"]
[ECO "A45"]
[NIC "QP.07"]
[Time "17:01:24"]
[TimeControl "1800+10"]

1. d4 Nf6 2. Bf4 g6 3. e3 Bg7 4. Nc3 d5 5. Bd3 O-O 6. Nf3 Bg4 7. O-O Nc6 8.
h3 Bc8 9. Nb5 a6 10. Nxc7 Qd7 11. c4 e6 12. b4 Nxb4 13. cxd5 exd5 14. Qb3
Nxd3 15. Qxd3 Nh5 16. Nxa8 Nxf4 17. exf4 b5 18. Nb6 Qb7 19. Nxc8 Rxc8 20.
Rfc1 Rxc1+ 21. Rxc1 Qb8 22. Qe3 h5 23. Ne5 Qd8 24. Qc3 Kh7 25. Qc7 Qf6 26.
Qxf7 Qxf7 27. Nxf7 Bxd4 28. Ne5 Bb2 29. Rc6 a5 30. Rxg6 Bxe5 31. Rb6 Bxf4
32. Rxb5 Bd2 33. Rxd5 Bb4 34. Rxh5+ Kg6 35. Rb5 Bc3 36. Kf1 Bb4 37. Rxb4
axb4 38. Ke2 {Black resigns} 1-0

[Event "ICC tourney 2039 (30 10)"]
[Site "Internet Chess Club"]
[Date "2020.10.04"]
[Round "4"]
[White "MikeWMason"]
[Black "solveur"]
[Result "1-0"]
[ICCResult "Black resigns"]
[WhiteElo "1770"]
[BlackElo "1204"]
[Opening "Giuoco Piano"]
[ECO "C50"]
[NIC "IG.02"]
[Time "17:02:16"]
[TimeControl "1800+10"]

1. e4 e5 2. Nf3 Nc6 3. Bc4 Bc5 4. d4 Bxd4 5. Nxd4 Nxd4 6. f4 d6 7. O-O Nf6
8. fxe5 dxe5 9. Bg5 h6 10. Bxf6 gxf6 11. c3 Be6 12. Na3 Bxc4 13. Nxc4 Nc6
14. Qxd8+ Rxd8 15. Rxf6 Ke7 16. Raf1 Rdf8 17. Ne3 Nd8 18. Nd5+ Kd7 19. Ne3
h5 20. Rd1+ Kc8 21. Nc4 Re8 22. Rd5 Nc6 23. Rxf7 Rd8 24. Ne3 Rhf8 25. Rxd8+
Rxd8 26. Nd5 Kb8 27. Rxc7 Rxd5 28. exd5 Kxc7 29. dxc6 Kxc6 30. Kf2 Kd5 31.
Ke3 b5 32. g3 a6 33. h3 Ke6 34. Ke4 Kf6 35. b3 a5 36. c4 b4 37. c5 Ke6 38.
g4 hxg4 39. hxg4 Kf6 40. c6 Ke6 41. g5 Kd6 42. g6 Kxc6 43. g7 Kb5 44. g8=Q
{Black resigns}
1-0

[Event "ICC tourney 2039 (30 10)"]
[Site "Internet Chess Club"]
[Date "2020.10.04"]
[Round "4"]
[White "oxdidi"]
[Black "travelworld"]
[Result "0-1"]
[ICCResult "White resigns"]
[WhiteElo "1083"]
[BlackElo "1216"]
[Opening "Petrov: classical attack"]
[ECO "C42"]
[NIC "RG.04"]
[Time "17:01:29"]
[TimeControl "1800+10"]

1. e4 e5 2. Nf3 Nf6 3. Nxe5 d6 4. Nf3 Nxe4 5. d4 Qe7 6. Be3 Nc6 7. d5 Ne5 8.
Nxe5 dxe5 9. Bd3 Nf6 10. Bg5 Bd7 11. Nc3 h6 12. Bh4 g5 13. Bg3 O-O-O 14. Qe2
Re8 15. O-O h5 16. h3 g4 17. h4 Bh6 18. Rfe1 Qc5 19. Bc4 Bf4 20. Bxf4 exf4
21. Qf1 Rxe1 22. Rxe1 g3 23. Bb3 Ng4 24. Ne4 Qb6 25. c4 Qd4 26. Re2 f5 27.
Nc3 Nxf2 28. Rc2 f3 29. Nb5 Qxh4 30. Nxa7+ Kb8 31. Nc6+ bxc6 32. Qxf2 gxf2+
{White resigns}
0-1

[Event "ICC tourney 2039 (30 10)"]
[Site "Internet Chess Club"]
[Date "2020.10.04"]
[Round "4"]
[White "ChessStar22"]
[Black "blackjack721"]
[Result "0-1"]
[ICCResult "White checkmated"]
[WhiteElo "1404"]
[BlackElo "1510"]
[Opening "QGD: Marshall defense"]
[ECO "D06"]
[NIC "QP.08"]
[Time "17:01:25"]
[TimeControl "1800+10"]

1. d4 d5 2. c4 Nf6 3. Nc3 c6 4. e3 Bf5 5. Nf3 e6 6. cxd5 cxd5 7. h3 Nc6 8.
a3 a6 9. Bd3 Ne4 10. Bxe4 dxe4 11. Nd2 Qg5 12. g4 Bg6 13. h4 Qa5 14. h5 f5
15. hxg6 h6 16. gxf5 exf5 17. Nc4 Qc7 18. b3 O-O-O 19. d5 b5 20. Nb2 Ne5 21.
Bd2 Nf3+ 22. Kf1 Qd6 23. Rc1 Kd7 24. b4 Qxg6 25. Ne2 Bd6 26. Rc6 Qg4 27. Nd4
h5 28. Nxf3 exf3 29. Qc2 Qg2+ 30. Ke1 Qxh1# {White checkmated} 0-1

[Event "ICC tourney 2039 (30 10)"]
[Site "Internet Chess Club"]
[Date "2020.10.04"]
[Round "4"]
[White "MathMonkey"]
[Black "saanvit"]
[Result "0-1"]
[ICCResult "White checkmated"]
[WhiteElo "976"]
[BlackElo "1647"]
[Opening "French: Tarrasch, closed variation"]
[ECO "C05"]
[NIC "FR.16"]
[Time "17:01:37"]
[TimeControl "1800+10"]

1. e4 e6 2. d4 d5 3. Nd2 Nf6 4. e5 Nfd7 5. Ngf3 c5 6. dxc5 Bxc5 7. Nb3 Be7
8. c4 dxc4 9. Bxc4 Nc6 10. O-O Ndxe5 11. Qxd8+ Bxd8 12. Nxe5 Nxe5 13. Bb5+
Bd7 14. Bxd7+ Nxd7 15. Rd1 Bb6 16. Bf4 Nc5 17. Nxc5 Bxc5 18. Rac1 Bb6 19.
Bc7 O-O 20. Kf1 g6 21. Bxb6 axb6 22. a3 Rac8 23. Ke2 Kg7 24. Rxc8 Rxc8 25.
Kd2 Rd8+ 26. Kc1 Rxd1+ 27. Kxd1 Kf6 28. Ke2 Ke5 29. Ke3 h5 30. h4 f5 31. g3
Kd5 32. Kf4 e5+ 33. Ke3 b5 34. Kd3 b6 35. b4 e4+ 36. Kc3 Ke5 37. Kc2 f4 38.
Kc3 e3 39. gxf4+ Kxf4 40. fxe3+ Kxe3 41. Kc2 Kf4 42. Kd3 Kg4 43. Ke4 Kxh4
44. Kd5 g5 45. Kc6 g4 46. Kxb6 g3 47. Kxb5 g2 48. a4 g1=Q 49. a5 Qg5+ 50.
Kb6 Qe3+ 51. Kb5 Qd3+ 52. Kb6 Qd4+ 53. Kb5 Qd5+ 54. Kb6 Qd6+ 55. Kb5 Qb8+
56. Kc5 Kg5 57. a6 Qa7+ 58. Kb5 Kf5 59. Ka5 Qc7+ 60. Kb5 Ke5 61. Ka4 Qb6 62.
b5 Kd5 63. Kb4 h4 64. Ka4 Kc4 65. Ka3 Qxb5 66. Ka2 h3 67. a7 Qa5+ 68. Kb2
Qxa7 69. Kc2 Qf2+ 70. Kb1 Kc3 71. Ka1 Qb2# {White checkmated} 0-1

[Event "ICC tourney 2039 (30 10)"]
[Site "Internet Chess Club"]
[Date "2020.10.04"]
[Round "4"]
[White "Yeetamus123"]
[Black "SunnyCountry"]
[Result "1-0"]
[ICCResult "Black checkmated"]
[WhiteElo "1315"]
[BlackElo "1182"]
[Opening "Sicilian: closed"]
[ECO "B23"]
[NIC "SI.44"]
[Time "17:01:25"]
[TimeControl "1800+10"]

1. e4 c5 2. Nc3 e6 3. f4 d6 4. Nf3 Nc6 5. Bc4 Nf6 6. d3 a6 7. a4 Qc7 8. O-O
Be7 9. Qe1 Na5 10. Ba2 b6 11. Qg3 g6 12. Bd2 Bb7 13. Rae1 h5 14. e5 Nd7 15.
Ng5 h4 16. Qg4 Qc6 17. Rf2 Bxg5 18. fxg5 h3 19. exd6 hxg2 20. Bxe6 Qxd6 21.
h3 O-O-O 22. Rxf7 Qd4+ 23. Qxd4 cxd4 24. Ne4 Nc6 25. Nd6+ Kc7 26. Nxb7 Kxb7
27. Rxd7+ Rxd7 28. Bxd7 Kc7 29. Bxc6 Kxc6 30. Kxg2 b5 31. axb5+ axb5 32.
Re6+ Kd5 33. Rxg6 Re8 34. Rf6 Re2+ 35. Rf2 Re6 36. h4 Rc6 37. h5 Rxc2 38. g6
Rxb2 39. g7 b4 40. g8=Q+ Kc5 41. Rf5+ Kb6 42. Qb8+ Kc6 43. Qb5+ Kd6 44. Rf6+
Ke7 45. Qe5+ Kd7 46. Rd6+ Kc7 47. Qc5+ Kb7 48. Rb6+ Ka7 49. Qa5#
{Black checkmated}
1-0

[Event "ICC tourney 2039 (30 10)"]
[Site "Internet Chess Club"]
[Date "2020.10.04"]
[Round "4"]
[White "raremystery"]
[Black "rajisankar01"]
[Result "1-0"]
[ICCResult "Black resigns"]
[WhiteElo "1678"]
[BlackElo "827"]
[Opening "Scotch gambit: Benima defense"]
[ECO "C50"]
[NIC "IG.03"]
[Time "17:01:52"]
[TimeControl "1800+10"]

1. e4 e5 2. Nf3 Nc6 3. Bc4 Be7 4. d4 exd4 5. c3 dxc3 6. Nxc3 Nf6 7. Bf4 d6
8. h3 O-O 9. O-O h6 10. a3 Re8 11. Qc2 Bf8 12. Rad1 Qe7 13. Ba2 Be6 14. Bb1
g6 15. Qd2 h5 16. Bg5 Bg7 17. Qf4 Rad8 18. Nd5 Bxd5 19. exd5 Ne5 20. Nd2 a6
21. Ne4 Ned7 22. Rfe1 Nxd5 23. Rxd5 Qf8 24. Bxd8 Rxd8 25. b4 Bh6 26. Nf6+
Nxf6 27. Qxf6 Bg7 28. Qf4 Bh6 29. Qe4 c6 30. Rxh5 d5 31. Qg4 Qg7 32. Rhe5
{Black resigns}
1-0

[Event "ICC tourney 2039 (30 10)"]
[Site "Internet Chess Club"]
[Date "2020.10.04"]
[Round "4"]
[White "yanje03"]
[Black "APBrain"]
[Result "0-1"]
[ICCResult "White checkmated"]
[WhiteElo "1489"]
[BlackElo "1644"]
[Opening "Sicilian: Nimzovich-Rossolimo attack (with ...g6, without ...d6)"]
[ECO "B31"]
[NIC "SI.31"]
[Time "17:01:35"]
[TimeControl "1800+10"]

1. e4 c5 2. Nf3 Nc6 3. Bb5 g6 4. Bxc6 dxc6 5. O-O Bg7 6. Nc3 e5 7. d3 Ne7 8.
Be3 b6 9. h3 O-O 10. Qd2 f5 11. Bh6 Qd6 12. Rfe1 f4 13. Bxg7 Kxg7 14. a4 g5
15. Nh2 Qh6 16. f3 Ng6 17. Qf2 Nh4 18. Ng4 Bxg4 19. hxg4 Rad8 20. b3 Qe6 21.
Kf1 h5 22. gxh5 Qf6 23. Ke2 g4 24. Rh1 g3 25. Qf1 a6 26. Rh3 Rh8 27. h6+
Rxh6 28. Qh1 b5 29. axb5 axb5 30. Ra7+ Kg6 31. Ra6 Rd6 32. Ra8 c4 33. Rg8+
Kf7 34. Rg4 cxd3+ 35. cxd3 Qd8 36. Rhxh4 Qb6 37. Nd1 Qd4 38. Kd2 Qxd3+ 39.
Kc1 Qd2+ 40. Kb1 Qxd1+ 41. Qxd1 Rxd1+ 42. Kc2 Rxh4 43. Rxh4 Rg1 44. Rh5
Rxg2+ 45. Kd1 Rh2 46. Rxe5 g2 47. Rg5 Rh1+ 48. Kd2 g1=Q 49. Rxg1 Rxg1 50.
Kd3 Rb1 51. Kc2 Rf1 52. Kc3 Rxf3+ 53. Kd4 Rxb3 54. e5 f3 55. Ke4 f2 56. e6+
Kxe6 57. Kd4 f1=Q 58. Ke4 Qf3+ 59. Kd4 Qe3# {White checkmated} 0-1

[Event "ICC tourney 2039 (30 10)"]
[Site "Internet Chess Club"]
[Date "2020.10.04"]
[Round "4"]
[White "Nacaroa-Dan"]
[Black "Priccchess"]
[Result "0-1"]
[ICCResult "White resigns"]
[WhiteElo "1605"]
[BlackElo "1778"]
[Opening "Bishop's opening"]
[ECO "C23"]
[NIC "IG.04"]
[Time "17:01:25"]
[TimeControl "1800+10"]

1. e4 e5 2. Bc4 d6 3. Nf3 Be7 4. O-O Nf6 5. d4 exd4 6. Qxd4 O-O 7. h3 a6 8.
Nc3 b5 9. Bb3 c5 10. Qd3 c4 11. Bxc4 bxc4 12. Qxc4 Be6 13. Qd3 Nc6 14. a3
Ne5 15. Qe3 Rb8 16. b3 Qc7 17. Nd4 Nc6 18. Bb2 Nd7 19. f4 Nxd4 20. Qxd4 Bf6
21. Qe3 Nb6 22. Qg3 Nc4 23. Bc1 Nxa3 24. e5 dxe5 25. Rxa3 exf4 26. Bxf4 Qc5+
27. Kh1 Qxa3 28. Bxb8 Bxc3 29. Bd6 Bb4 30. Bxf8 Bxf8 31. Qe5 Qd6 32. Qc3 g6
33. Qf3 Bd5 34. Qe2 Qg3 35. Rf3 Bxf3 36. Qxf3 Qxf3 37. gxf3 Kg7 38. Kg2 Bd6
39. Kf2 Kf6 40. Ke3 Ke6 41. Kd4 f5 42. Kc4 g5 43. b4 h5 44. Kb3 g4 45. hxg4
fxg4 46. fxg4 hxg4 47. c4 g3 48. c5 Bc7 49. Kc4 g2 50. b5 axb5+ 51. Kxb5
g1=Q {White resigns} 0-1

[Event "ICC tourney 2039 (30 10)"]
[Site "Internet Chess Club"]
[Date "2020.10.04"]
[Round "4"]
[White "subielife"]
[Black "AJRChess2011"]
[Result "0-1"]
[ICCResult "White resigns"]
[WhiteElo "1423"]
[BlackElo "1304"]
[Opening "King's Indian, 3.Nf3"]
[ECO "E60"]
[NIC "KI.80"]
[Time "17:01:31"]
[TimeControl "1800+10"]

1. d4 Nf6 2. c4 g6 3. Nf3 Bg7 4. g3 d6 5. Bg2 Nbd7 6. O-O O-O 7. Re1 c5 8.
dxc5 Nxc5 9. Nc3 Be6 10. Nd5 Nxd5 11. cxd5 Bf5 12. Nd4 Bd7 13. e4 Qb6 14.
Rb1 Na4 15. Be3 Qa6 16. Bf1 b5 17. f4 Nc5 18. e5 dxe5 19. fxe5 Bxe5 20. Bh6
Bg7 21. Bxg7 Kxg7 22. Nxb5 Bxb5 23. Qd4+ Kg8 24. Qxc5 Bxf1 25. Rxf1 Qxa2 26.
Qxe7 Qxd5 27. Rbd1 Qe6 28. Qg5 Qb6+ 29. Rf2 Rad8 30. Rf1 f6 31. Qf4 Rde8 32.
Qc4+ Qe6 33. Qa4 Re7 34. h4 Qe5 35. Kh2 Kg7 36. b4 Rd8 37. b5 Rd4 38. Qa1
Rxh4+ 39. Kg1 Qxg3+ 40. Rg2 Qe3+ 41. Rgf2 Rg4+ 42. Kh1 Qe4+ 43. Rf3 Rh4+ 44.
Kg2 Qg4+ 45. Rg3 Re2+ 46. Rf2 Rxf2+ 47. Kxf2 Rh2+ 48. Kf1 Rh1+ {White
resigns} 0-1

[Event "ICC tourney 2039 (30 10)"]
[Site "Internet Chess Club"]
[Date "2020.10.04"]
[Round "4"]
[White "Honeybrook"]
[Black "Fredzhang"]
[Result "0-1"]
[ICCResult "White resigns"]
[WhiteElo "1344"]
[BlackElo "1127"]
[Opening "Bishop's opening/Petrov: Urusov gambit"]
[ECO "C24"]
[NIC "IG.04"]
[Time "17:02:16"]
[TimeControl "1800+10"]

1. e4 e5 2. Bc4 Nf6 3. d4 exd4 4. Nf3 Nxe4 5. Qxd4 Nf6 6. Nc3 c6 7. Bg5 d5
8. O-O-O Be7 9. Qh4 Nbd7 10. Bd3 Nc5 11. Rhe1 Ne6 12. Bxf6 Bxf6 13. Qh5 Qe7
14. g4 g6 15. Qh6 Qf8 16. Qe3 Qb4 17. a3 Qxg4 18. Rg1 Qf4 19. Qxf4 Nxf4 20.
Rge1+ Be6 21. Bf1 Bxc3 22. bxc3 O-O-O 23. Ng5 h6 24. Nxe6 Nxe6 25. Bh3 Kd7
26. c4 Ke7 27. cxd5 Rxd5 28. Rxd5 cxd5 29. Kd2 f5 30. Kd3 Rd8 31. f4 Kf6 32.
Ke3 Re8 33. Kf3 Nd4+ 34. Kf2 Rxe1 {White resigns} 0-1

[Event "ICC tourney 2039 (30 10)"]
[Site "Internet Chess Club"]
[Date "2020.10.04"]
[Round "4"]
[White "turtle6"]
[Black "Vidipkona"]
[Result "0-1"]
[ICCResult "White checkmated"]
[WhiteElo "1636"]
[BlackElo "1465"]
[Opening "Sicilian: Najdorf, Byrne (English) attack"]
[ECO "B90"]
[NIC "SI.14"]
[Time "17:01:33"]
[TimeControl "1800+10"]

1. e4 c5 2. Nf3 d6 3. d4 cxd4 4. Nxd4 Nf6 5. Nc3 a6 6. Be3 Ng4 7. Qd2 Nxe3
8. fxe3 e6 9. g3 Be7 10. Bg2 O-O 11. O-O Nc6 12. Rad1 Ne5 13. b3 b5 14. Nf3
Bb7 15. Nxe5 dxe5 16. Qe2 Qc7 17. Nb1 Rad8 18. h4 Qb6 19. c3 Bc5 20. Kf2 f5
21. Rxd8 Qxd8 22. exf5 Rxf5+ 23. Kg1 Qb6 24. Rxf5 exf5 25. Bxb7 Qxb7 26. b4
Bb6 27. Nd2 f4 28. gxf4 exf4 29. Nf1 Qe4 30. Qg2 f3 31. Qf2 Qg4+ 32. Kh1 Bc7
33. Nh2 Qh3 34. Kg1 Bg3 35. Qxf3 Bxh2+ 36. Kf2 Qxf3+ 37. Kxf3 Be5 38. Ke4
Bxc3 39. Kd5 Bxb4 40. Kc6 Be7 41. Kb6 Bxh4 42. Kxa6 b4 43. Kb5 Be1 44. e4
Kf7 45. Kc5 Ke6 46. Kd4 h5 47. Ke3 h4 48. Kf3 h3 49. e5 Kxe5 50. Ke2 Bh4 51.
Kf3 Kf5 52. a4 b3 53. a5 b2 54. a6 b1=Q 55. a7 Qe4# {White checkmated} 0-1

[Event "ICC tourney 2039 (30 10)"]
[Site "Internet Chess Club"]
[Date "2020.10.04"]
[Round "4"]
[White "lmperfectFocus"]
[Black "wildrumpus"]
[Result "1/2-1/2"]
[ICCResult "Game drawn by repetition"]
[WhiteElo "1539"]
[BlackElo "1484"]
[Opening "Caro-Kann: Panov-Botvinnik, Czerniak variation"]
[ECO "B13"]
[NIC "CK.03"]
[Time "17:01:35"]
[TimeControl "1800+10"]

1. e4 c6 2. d4 d5 3. exd5 cxd5 4. c4 Nf6 5. Nc3 Nc6 6. Bg5 Qa5 7. Bxf6 exf6
8. cxd5 Bb4 9. dxc6 Bxc3+ 10. bxc3 Qxc3+ 11. Ke2 Be6 12. f3 O-O-O 13. cxb7+
Kb8 14. Kf2 Rxd4 15. Qc1 Rd2+ 16. Be2 Qd4+ 17. Ke1 Rd8 18. f4 Qe3 19. Rb1
Bg4 20. Qc4 R8d3 21. Qc7+ Kxc7 22. b8=Q+ Kc6 23. Qb7+ Kd6 24. Qa6+ Ke7 25.
Rb7+ Bd7 26. Qa4 Ke6 27. f5+ Ke7 28. Qb4+ Rd6 29. Qb3 R2d3 30. Qc2 Rd2 31.
Qc1 Rd1+ 32. Qxd1 Rxd1+ 33. Kxd1 Qd4+ 34. Ke1 Qa1+ 35. Bd1 Qxa2 36. Ne2 Qa5+
37. Kf2 Qxf5+ 38. Ke1 Qa5+ 39. Kf2 Qf5+ 40. Kg1 Qc5+ 41. Kf1 Qf5+ 42. Ke1
Qa5+ 43. Kf2 Qf5+ 44. Ke3 Qe5+ 45. Kf2 Qf5+ 46. Ke1 Qa5+ 47. Kf1 Qf5+ 48.
Kg1 Qc5+ 49. Kf1 Qf5+ 50. Ke1 Qa5+ 51. Kf2 Qf5+ 52. Kg1 Qc5+ 53. Kf1 Qf5+
54. Ke1 Qa5+ 55. Kf1 Qf5+ 56. Kg1 Qc5+ 57. Kf1 Qf5+ 58. Ke1 Qa5+ 59. Kf2
Qf5+ 60. Kg1 Qc5+ 61. Kf1 {Game drawn by repetition} 1/2-1/2

[Event "ICC tourney 2039 (30 10)"]
[Site "Internet Chess Club"]
[Date "2020.10.04"]
[Round "4"]
[White "marinaxiao"]
[Black "alex3"]
[Result "1/2-1/2"]
[ICCResult "Game drawn by repetition"]
[WhiteElo "1438"]
[BlackElo "1539"]
[Opening "Sicilian: Hungarian variation"]
[ECO "B34"]
[NIC "SI.43"]
[Time "17:01:29"]
[TimeControl "1800+10"]

1. e4 c5 2. Nf3 g6 3. d4 cxd4 4. Nxd4 Bg7 5. Nc3 Nc6 6. Nb3 Nf6 7. Be2 O-O
8. O-O a6 9. Be3 b5 10. a3 d6 11. f4 Bb7 12. Bf3 Rc8 13. Qe2 e6 14. Rad1 Qe7
15. e5 dxe5 16. Bc5 Qc7 17. Bxf8 Bxf8 18. fxe5 Nd7 19. Bxc6 Bxc6 20. Nd4 Bc5
21. Kh1 Bb7 22. Qg4 Nxe5 23. Qf4 Bd6 24. Qg5 Be7 25. Qf4 Bd6 26. Qg5 Be7 27.
Qf4 Bd6 28. Qh4 Nc4 29. Qh3 Nxb2 30. Ndxb5 axb5 31. Nxb5 Qxc2 32. Rxd6 Qc4
33. Re1 Qxb5 34. Rdxe6 fxe6 35. Qxe6+ Kg7 36. Qe7+ Kh6 37. Qe3+ Qg5 38. Qh3+
Kg7 39. Qd7+ Kh6 40. Qh3+ Kg7 41. Qd7+ Kh6 42. Qh3+ Kg7 43. Qd7+ Kh6 44.
Qh3+ Kg7 45. Qd7+ Kh6 46. Qh3+ Kg7 47. Qd7+ {Game drawn by repetition}
1/2-1/2